 Dungeon Crawl Stone Soup version 0.26.1-2-gb8aa6d0cf2 (webtiles) character file.

Game seed: 11295162404701441182

3168 promet the Covert (level 9, -3/59 HPs)
             Began as an Octopode Brigand on Feb 18, 2021.
             Was a Follower of Dithmenos.
             Collided with a rock wall (9 damage)
             ... caused by Erica
             ... on level 8 of the Dungeon.
             The game lasted 01:00:58 (7341 turns).

promet the Covert (Octopode Brigand)                Turns: 7341, Time: 01:01:03

Health: -3/59      AC:  5    Str: 10    XL:     9   Next: 94%
Magic:  9/9        EV: 18    Int: 14    God:    Dithmenos [*.....]
Gold:   477        SH: 11    Dex: 16    Spells: 8/8 levels left

rFire    . . .     SeeInvis .   t - +0 long sword
rCold    . . .     Faith    .   j - +2 kite shield
rNeg     . . .     Spirit   .   (helmet restricted)
rPois    .         Reflect  .   (no amulet)
rElec    .         Harm     .   g - +4 ring of evasion
rCorr    +         Rampage  .   r - ring of willpower
Will     +....                  s - ring of wizardry
Stlth    ++++++....             e - +4 ring of protection
HPRegen  0.59/turn              w - ring of resist corrosion
MPRegen  0.11/turn              (no ring)
                                (no ring)
                                (no ring)

@: wreathed by umbra
A: almost no armour, stealthy swim, amphibious, 8 rings, constrict 8, camouflage
1, regeneration 1, screaming 1, gelatinous body 1
a: Renounce Religion


You were on level 8 of the Dungeon.
You worshipped Dithmenos.
Dithmenos was aware of your devotion.
You visited 2 branches of the dungeon, and saw 9 of its levels.

You collected 477 gold pieces.

Inventory:

Hand Weapons
 a - a +2 rapier of electrocution
 c - a +4 dagger
 t - a +0 long sword (weapon)
 x - a +0 shortbow
 A - a +0 longbow
Missiles
 b - 30 poisoned darts (quivered)
 d - 276 stones
 f - 54 bolts
 l - 42 sling bullets
 n - 108 arrows
 o - a curare-tipped dart
 v - 11 boomerangs
 C - a throwing net
Armour
 j - a +2 kite shield (worn)
Magical Staves
 y - an uncursed staff of death
Jewellery
 e - a +4 ring of protection (on tentacle)
 g - a +4 ring of evasion (left tentacle)
 r - a ring of willpower (right tentacle)
 s - a ring of wizardry (on tentacle)
 w - a ring of resist corrosion (on tentacle)
Wands
 k - a wand of iceblast (5)
 B - a wand of polymorph (5)
Scrolls
 h - 6 scrolls of identify
 i - a scroll of teleportation
 p - a scroll of enchant armour
 q - a scroll of fear
 u - a scroll of remove curse
 D - a scroll of acquirement {unknown}
Potions
 m - a potion of flight


   Skills:
 + Level 4.3 Fighting
 + Level 3.6(5.8) Short Blades
 + Level 7.1(7.5) Long Blades
 + Level 4.1 Throwing
 + Level 4.8 Dodging
 + Level 10.1 Stealth
 + Level 5.3 Shields
 + Level 0.5 Evocations


You had 8 spell levels left.
You didn't know any spells.
Your spell library contained the following spells:

 Spells                   Type           Power        Failure   Level
 Pain                     Necr           0%           36%         1


Dungeon Overview and Level Annotations

Branches:
Dungeon (8/15)             Temple (1/1) D:6
   Lair: D:8-11

Altars:
Ashenzari
Cheibriados
Dithmenos
Elyvilon
Fedhas
Gozag
Hepliaklqana
Kikubaaqudgha
Makhleb
Nemelex Xobeh
Okawaru
Qazlal
Ru
Sif Muna
Trog
Uskayaw
Vehumet
Wu Jian
Xom
Yredelemnul
Zin
The Shining One

Annotations:
D:8 Erica


Innate Abilities, Weirdness & Mutations

You cannot wear most types of armour.
You are very stealthy in the water. (Stealth+)
You are amphibious.
You can wear up to eight rings at the same time.
You can use your tentacles to constrict eight enemies at once.
Your skin changes colour to match your surroundings (Stealth+).
Your rubbery body absorbs attacks. (AC +1, EV +1)
Your natural rate of healing is unusually fast.
You occasionally shout uncontrollably at your foes.


Message History

You slash Erica! Your grab misses Erica.
Erica is lightly wounded.
Erica casts a spell at herself.
Erica flickers and vanishes!
Deactivating autopickup; reactivate with Ctrl-A.
Something hits you! Something burns you.
You feel better.
You hit something. You squeeze something.
You hear some strange, mumbled words.
A lance of force appears from out of thin air!
The lance of force hits you!
You are knocked back by the lance of force.
You slam into the rock wall!
You hear some strange, mumbled words.
A lance of force appears from out of thin air!
The lance of force hits you!!
* * * LOW HITPOINT WARNING * * *
You are knocked back by the lance of force.
You slam into the rock wall!
You die...

#........#
######.#.#
#.#.#
#.#.#.#
#.#.#.# #
#.#.#.# ..
#.#.#.# ..
#.#.#.# .#
#@..# .#
#..###o.#
#...{5FK#
##.####oo#
#.# ≈≈≈
#.# ≈ ..#
.## #.


There were no monsters in sight!

Vanquished Creatures
  A blink frog (D:7)
  Grinder (D:4)
  Eustachio (D:5)
  An orc warrior (D:7)
  An ice beast (D:7)
  2 necrophages (D:7)
  2 phantoms
  2 black bears (D:7)
  4 ogres
  2 centaurs
  A big kobold (D:8)
  4 bullfrogs
  3 scorpions
  3 killer bees
  5 howler monkeys (D:7)
  3 hounds
  2 bullfrog skeletons
  An orc priest (D:6)
  Natasha (D:2)
  2 iguanas (D:7)
  2 orc wizards (D:6)
  A worker ant (D:4)
  A hound skeleton (D:8)
  9 gnolls
  A howler monkey zombie (D:7)
  11 adders
  A river rat (D:5)
  2 shadow imps
  An ufetubus (D:5)
  An adder zombie (D:5)
  2 adder skeletons
  2 worms
  2 dart slugs (D:2)
  5 leopard geckos
  11 orcs
  7 bats
  6 giant cockroaches
  5 goblins
  6 hobgoblins
  14 jackals
  4 quokkas
  2 ball pythons (D:2)
  5 frilled lizards
  5 kobolds
  A leopard gecko skeleton (D:4)
  10 rats
159 creatures vanquished.

Vanquished Creatures (others)
  23 plants (D:5)
23 creatures vanquished.

Grand Total: 182 creatures vanquished

Notes
Turn   | Place    | Note
-------+----------+-------------------------------------------
     0 | D:1      | promet the Octopode Brigand began the quest for the Orb.
     0 | D:1      | Reached XP level 1. HP: 14/14 MP: 1/1
   258 | D:1      | Reached skill level 6 in Stealth
   258 | D:1      | Reached XP level 2. HP: 15/19 MP: 2/2
   721 | D:1      | Gained mutation: You occasionally shout uncontrollably at
                  | your foes. [potion of mutation]
   721 | D:1      | Gained mutation: Your natural rate of healing is unusually
                  | fast. [potion of mutation]
   918 | D:2      | Reached XP level 3. HP: 13/24 MP: 3/3
  1169 | D:2      | Reached skill level 7 in Stealth
  1217 | D:2      | Reached XP level 4. HP: 26/29 MP: 4/4
  1271 | D:2      | Found a white marble altar of Elyvilon.
  1372 | D:2      | Noticed Natasha
  1381 | D:2      | Killed Natasha
  1528 | D:2      | Found a basalt altar of Yredelemnul.
  1776 | D:3      | Found a glowing silver altar of Zin.
  1821 | D:3      | Found a stormy altar of Qazlal.
  2015 | D:3      | Found an iron altar of Okawaru.
  2019 | D:3      | Reached XP level 5. HP: 29/34 MP: 5/5
  2744 | D:4      | Reached skill level 1 in Shields
  2744 | D:4      | Reached XP level 6. HP: 32/41 MP: 6/6
  2877 | D:4      | Reached skill level 8 in Stealth
  3136 | D:4      | Noticed Grinder
  3146 | D:4      | Killed Grinder
  3147 | D:4      | Reached XP level 7. HP: 15/45 MP: 7/7
  3596 | D:5      | Entered Level 5 of the Dungeon
  4882 | D:5      | Reached skill level 9 in Stealth
  4882 | D:5      | Reached XP level 8. HP: 52/52 MP: 8/8
  4956 | D:6      | Found a shimmering blue altar of Sif Muna.
  4987 | D:6      | Noticed Eustachio
  5011 | D:5      | Killed Eustachio
  5119 | D:6      | Found a hide-covered altar of Uskayaw.
  5124 | D:6      | Found a snail-covered altar of Cheibriados.
  5125 | D:6      | Found an ancient bone altar of Kikubaaqudgha.
  5125 | D:6      | Found a sacrificial altar of Ru.
  5125 | D:6      | Found a shimmering altar of Xom.
  5125 | D:6      | Found a shimmering blue altar of Sif Muna.
  5125 | D:6      | Found a broken altar of Ashenzari.
  5130 | D:6      | Found an opulent altar of Gozag.
  5132 | D:6      | Found a glowing golden altar of the Shining One.
  5246 | D:6      | Found a staircase to the Ecumenical Temple.
  5258 | Temple   | Entered the Ecumenical Temple
  5395 | Temple   | Became a worshipper of Dithmenos the Shadowed
  5540 | D:6      | Identified Sif Muna's Incunabulum of Evil
  5711 | D:7      | Reached skill level 5 in Long Blades
  5777 | D:7      | Noticed a blink frog
  5777 | D:7      | an ice beast changed into a blink frog
  5796 | D:7      | Killed a blink frog
  5797 | D:7      | Reached XP level 9. HP: 54/58 MP: 9/9
  6446 | D:7      | Reached skill level 10 in Stealth
  6890 | D:7      | Reached * piety under Dithmenos
  7048 | D:7      | Reached skill level 5 in Shields
  7328 | D:8      | Noticed Erica
  7341 | D:8      | Collided with a rock wall

Illustrated notes

Levels and vault maps discovered:
D:1:      ebering_trefoil_twist, layout_basic, minmay_pentomino_o4
D:2:      layout_basic, kennysheep_ying_yang, uniq_natasha
D:3:      layout_loops_corners, old_standard_altar, old_standard_altar,
          mrwooster_statue_mirror, okawaru_altar_gauntlet_db
D:4:      layout_basic, amcnicky_mini_corridor_feature, uniq_grinder
D:5:      layout_basic, gup_sewer_entry_spiral, kennysheep_boxes
D:6:      layout_gridville, minitemple, minmay_temple_entry_proselytizer,
          led_sif_book, uniq_eustachio
D:7:      layout_gridville
D:8:      layout_loops_ring, basic_altar, fountainhead, uniq_erica
Temple:   jpeg_temple_island

Skill      XL: |  1  2  3  4  5  6  7  8  9 |
---------------+----------------------------+-----
Stealth        | 6 7 8 9 10 | 10.1
Dodging        | 2 3 4 |  4.8
Short Blades   | 3 |  3.6
Shields        | 1 2 3 5 |  5.3
Long Blades    | 2 3 5 7 |  7.1
Fighting       | 3 4 |  4.3
Throwing       | 3 4 |  4.1
Evocations     | |  0.5

Action                   |  1- 3 |  4- 6 |  7- 9 || total
-------------------------+-------+-------+-------++-------
Melee: Dagger            |    54 |    25 |       ||    79
       Tentacles         |    12 |    18 |    78 ||   108
       Constrict         |    16 |    26 |    61 ||   103
       Rapier            |       |    35 |       ||    35
       Long sword        |       |    41 |   276 ||   317
Throw: Dart              |     1 |     4 |    52 ||    57
       Boomerang         |       |       |     4 ||     4
Evoke: Wand              |       |       |     4 ||     4
  Use: Scroll            |     8 |     4 |    12 ||    24
       Potion            |     5 |     1 |     6 ||    12
 Stab: Sleeping          |     9 |     9 |    21 ||    39
       Distracted        |       |     1 |     2 ||     3
Armor: Skin              |     8 |     9 |    14 ||    31
Dodge: Dodged            |    37 |    47 |   152 ||   236
Block: Kite shield       |    16 |    43 |   145 ||   204
       Rpst.: Long sword |       |     3 |    57 ||    60
